 Dungeon Crawl Stone Soup version 0.18.1-47-g9310371 (webtiles) character file.

210 Galewin the Ruffian (level 5, -1/45 HPs)
             Began as a Draconian Transmuter on June 23, 2016.
             Was a Follower of Dithmenos.
             Killed from afar by an orc wizard (8 damage)
             ... with a puff of flame
             ... on level 4 of the Dungeon.
             The game lasted 00:17:18 (2750 turns).

Galewin the Ruffian (Draconian Transmuter)          Turns: 2750, Time: 00:17:19

Health: -1/45      AC:  2    Str: 13    XL:     5   Next: 56%
Magic:  3/9        EV: 20    Int: 14    God:    Dithmenos [*.....]
Gold:   201        SH:  0    Dex: 16    Spells: 2 memorised, 5 levels left

rFire  . . .     SeeInvis .       - Unarmed
rCold  . . .     Gourm    .     (armour unavailable)
rNeg   . . .     Faith    .     (shield currently unavailable)
rPois  x         Spirit   .     (helmet currently unavailable)
rElec  .         Dismiss  .     (cloak currently unavailable)
rCorr  .         Reflect  .     (gloves currently unavailable)
SustAt .         Harm     .     (boots currently unavailable)
MR     .....                    (no amulet)
Stlth  ++........               (no ring)
                                (no ring)

@: spider-form (expiring), very slightly contaminated, starving, wreathed by
umbra, not resistant to hostile enchantments, unstealthy
A: unfitting armour, (cold-blooded), AC +5
a: End Transformation, Renounce Religion


You were on level 4 of the Dungeon.
You worshipped Dithmenos.
Dithmenos was aware of your devotion.
You were starving.
You were a venomous arachnid creature.
You visited 1 branch of the dungeon, and saw 4 of its levels.

You collected 201 gold pieces.

Inventory:

Missiles
 a - 35 arrows
Armour
 m - a +1 cloak of magic resistance (melded)
Jewellery
 e - an uncursed ring of sustain attributes {unknown}
Scrolls
 d - 2 scrolls of random uselessness
 l - a scroll of identify
 q - a scroll of recharging
Potions
 g - 2 potions of agility
 k - a potion of haste
 r - a potion of heal wounds
Books
 b - a book of Changes

   Spells                             Type                      Level
   a - Beastly Appendage              Transmutation                1
   b - Sticks to Snakes               Transmutation                2
   c - Spider Form                    Transmutation/Poison         3
   d - Ice Form                       Ice/Transmutation            4
   e - Blade Hands                    Transmutation                5
Comestibles
 c - 2 bread rations
 f - a slice of pizza
 h - 2 meat rations
 j - 2 beef jerkies


   Skills:
 * Level 3.1 Fighting
 + Level 2.2 Dodging
 * Level 1.3 Stealth
 + Level 3.5 Unarmed Combat
 + Level 2.8 Spellcasting
 * Level 3.2 Transmutations
 + Level 1.2 Poison Magic


You had 5 spell levels left.
You knew the following spells:

 Your Spells              Type           Power        Failure   Level  Hunger
a - Spider Form           Trmt/Pois      #.........   52%         3    ###....
z - Beastly Appendage     Trmt           ##....       24%         1    #......


Dungeon Overview and Level Annotations

Branches:
Dungeon (4/15)             Temple (0/1) D:4

Altars:
Dithmenos
Makhleb
Sif Muna


Innate Abilities, Weirdness & Mutations

((Your plain brown scales are hard (AC +5).))
Your body does not fit into most forms of armour.
((You are cold-blooded and may be slowed by cold attacks.))


Message History

Casting: Spider Form
Confirm with . or Enter, or press ? or * to list all spells.
You turn into a venomous arachnid creature.
Your +1 cloak of magic resistance melds into your body.
You feel less resistant to hostile enchantments.
You are starving!
Your transformation is almost over.
The orc wizard completely misses you.
The orc wizard hits you with a dagger of flaming.
* * * LOW HITPOINT WARNING * * *
The orc wizard burns you.
* * * LOW HITPOINT WARNING * * *
You hit the orc wizard.
The orc wizard is poisoned.
The orc wizard is severely wounded.
The orc wizard completely misses you.
You barely miss the orc wizard.
The orc wizard is severely wounded.
The orc wizard gestures at you while chanting.
The puff of flame hits you!
You die...

....## ###.##
#...............## ...##
##....## ##.............##.
..## ##......##
##...........##.. .##
##........## ##...........#..
.####..........#
#.......##.....
..##...........##
##..##.######..
#...............## ###...# ###
##...............###.....### #
#...............s#..####...###
................o.#####......##
#................##
#.........## ##.............###
#..........## ######..####.o#
#...........# ..## #..#
#............ ##.##
#>........... ######o.###
##........... ##.........##
#...........


You could see an orc wizard and an orc.

Vanquished Creatures
  A crimson imp (D:3)
  6 adders
  A shadow imp (D:3)
  An ooze (D:3)
  3 worms (D:2)
  4 dart slugs
  3 giant geckos
  4 orcs
  5 giant cockroaches
  10 goblins
  7 hobgoblins
  11 jackals
  2 quokkas
  A ball python (D:2)
  11 bats
  A giant gecko skeleton (D:4)
  5 giant newts
  6 kobolds
  5 rats
87 creatures vanquished.

Notes
Turn   | Place    | Note
--------------------------------------------------------------
     0 | D:1      | Galewin the Draconian Transmuter began the quest for the Orb.
     0 | D:1      | Reached XP level 1. HP: 16/16 MP: 3/3
   175 | D:1      | Reached XP level 2. HP: 21/23 MP: 5/5
   668 | D:1      | Reached XP level 3. HP: 29/29 MP: 6/6
   729 | D:1      | Learned a level 3 spell: Spider Form
  1193 | D:2      | Reached XP level 4. HP: 33/37 MP: 7/7
  1439 | D:2      | Found a shadowy altar of Dithmenos.
  1450 | D:2      | Became a worshipper of Dithmenos the Shadowed
  1808 | D:3      | Reached skill level 1 in Poison Magic
  1866 | D:3      | Found a deep blue altar of Sif Muna.
  1977 | D:3      | Reached skill level 1 in Stealth
  2002 | D:3      | Reached XP level 5. HP: 42/42 MP: 8/8
  2052 | D:3      | Found a burning altar of Makhleb.
  2353 | D:3      | Reached * piety under Dithmenos
  2686 | D:4      | Found a staircase to the Ecumenical Temple.
  2750 | D:4      | Killed from afar by an orc wizard

Skill      XL: |  1  2  3  4  5 |
---------------+----------------+-----
Fighting       | 2 3 |  3.1
Dodging        | 2 |  2.2
Transmutations | 3 |  3.2
Poison Magic   | 1 |  1.2
Stealth        | 1 |  1.3
Unarmed Combat | |  3.5
Spellcasting   | |  2.8

Action                   |  1- 3 |  4- 6 || total
-------------------------+-------+-------++-------
Melee: Unarmed           |   159 |   215 ||   374
       Tailslap          |    19 |    22 ||    41
       Kick              |     7 |     7 ||    14
       Punch             |     2 |     1 ||     3
       Headbutt          |     1 |     4 ||     5
 Cast: Beastly Appendage |     7 |     5 ||    12
       Spider Form       |       |     2 ||     2
  Use: Scroll            |       |     7 ||     7
       Potion            |       |     5 ||     5
 Stab: Sleeping          |     2 |     1 ||     3
  Eat: Chunk             |     1 |     4 ||     5
Armor: Skin              |    54 |    84 ||   138
Dodge: Dodged            |    98 |   163 ||   261
